 Dungeon Crawl Stone Soup version 0.30-a0-51-g784eafce7f (webtiles) character file.

Game seed: 2546059851578849042

128 kae the Firebug (level 4, -1/33 HPs)
             Began as a Demigod Fire Elementalist on Sept 5, 2022.
             Slain by a gnoll
             ... wielding a +0 flail
              (11 damage)
             ... on level 2 of the Dungeon.
             The game lasted 00:01:34 (1866 turns).

kae the Firebug (Demigod Fire Elementalist)         Turns: 1866, Time: 00:01:34

Health: -1/33      AC:  3    Str:  9    XL:     4   Next: 57%
Magic:  10/10      EV: 12    Int: 21    God:
Gold:   75         SH:  0    Dex: 14    Spells: 1/7 levels left

rFire   + . .      SeeInvis .    i - +1 mace
rCold   + . .      Faith    .    (no shield)
rNeg    . . .      Spirit   .    a - +0 robe
rPois   +          Reflect  .    (no helmet)
rElec   +          Harm     .    (no cloak)
rCorr   +          Rampage  .    (no gloves)
Will    .....                    h - +0 pair of boots
Stlth   ++........               (no amulet)
HPRegen 0.11/turn                (no ring)
MPRegen 0.12/turn                (no ring)

@: resistant, invisible
A: high MP 1, forlorn, divine attributes
a: no special abilities


You were on level 2 of the Dungeon.
You visited 1 branch of the dungeon, and saw 3 of its levels.

You collected 75 gold pieces.


Innate Abilities, Weirdness & Mutations

You have an increased reservoir of magic. (+10% MP)
You shall have no god before yourself.
Your divine heritage dramatically boosts your attributes as you level up.


   Skills:
 - Level 1.7 Dodging
 - Level 1.7 Stealth
 + Level 2.4 Spellcasting
 * Level 2.7 Conjurations
 * Level 3.8 Fire Magic


You had one spell level left.
You knew the following spells:

 Your Spells              Type           Power      Damage    Failure   Level
a - Foxfire               Conj/Fire      64%        2x1d7     3%          1
b - Scorch                Fire           36%        2d7       4%          2
c - Conjure Flame         Conj/Fire      16%        6-21      11%         3

Your spell library contained the following spells:

 Spells                   Type           Power      Damage    Failure   Level
 Static Discharge         Conj/Air       16%        3-4/arc   12%         2
 Inner Flame              Hex/Fire       10%        N/A       19%         3
 Blink                    Tloc           4%         N/A       22%         2
 Ensorcelled Hibernation  Hex/Ice        4%         N/A       22%         2
 Flame Wave               Conj/Fire      16%        2d7       36%         4
 Spider Form              Tmut/Pois      2%         N/A       38%         3
 Anguish                  Hex/Necr       1%         N/A       80%         4
 Lightning Bolt           Conj/Air       4%         1d15      92%         5
 Manifold Assault         Tloc           2%         N/A       98%         5
 Storm Form               Tmut/Air       1%         N/A       100%        7
 Maxwell's Capacitive Co  Air            1%         ∞         100%        8

Inventory:

Hand Weapons
 i - a +1 mace (weapon)
   (You found it on level 1 of the Dungeon)
Missiles
 e - 22 stones
Armour
 a - a +0 robe (worn)
 h - a +0 pair of boots (worn)
   (You found it on level 1 of the Dungeon)
Wands
 g - a wand of charming (10)
   (You found it on level 2 of the Dungeon)
Scrolls
 d - 2 scrolls of enchant armour {unknown}
Potions
 b - 2 potions of magic
 k - a potion of invisibility

Dungeon Overview and Level Annotations

Branches:
Dungeon (3/15) Zot: 16131

Annotations:
D:3 1 runed translucent door

......#
#......#..#.....#.##.###
......# #......#..#.....#.##.#
......# #......#..#.###.#.##.#
......####......#....# #.#.##.#
......##........#.#..###.#.##.#
......##.#.######.#......#.##.#
......##.#.#..oo#.##.#####.##.#
......##.#.#.##g#........#.##.#
......##.#.#.##.@.#......#....#
.........#.#.####.#..##..######
.........#.#....#.#......<..#
.........#.####.#.#..#.[###.#
.........#.####.#.#.#.).###.#
.........#..S...#.#.........#
'####..).og######.#.#########
....'...........#.#........#
..###....######.#.#.######.#


You could see 2 orc wizards and a gnoll (unable to see you).


Message History

You climb downwards.
The orc wizard shouts! x2; The goblin shouts!
The orc shouts!
There is a stone staircase leading up here.
Okay, then.
The adder bites you.
You are poisoned.
The adder poisons you! The orc wizard barely misses you.
The orc wizard hits you but does no damage.
You climb upwards.
You feel sick. The gnoll closely misses you.
There is a stone staircase leading down here. 😮 HP[-3] MP[+1]
You take 3 damage, and now have 21/33 hp.
Really read
c - a scroll of blinking {!r}? [Y]es or [N]o only, please.
Really read
c - a scroll of blinking {!r}? [Y]es or [N]o only, please.
Really read
c - a scroll of blinking {!r}? [Y]es or [N]o only, please.
Really read
c - a scroll of blinking {!r}? [Y]es or [N]o only, please.
Really read
c - a scroll of blinking {!r}?
Blink to where?
Press: ? - help, Dir - move target
As you read the scroll of blinking {!r}, it crumbles to dust.
You feel sick.
The orc wizard points at you and mumbles some strange words.
You are confused. 😮 HP[-1]
You take 1 damage, and now have 20/33 hp.
You feel sick. 😮 HP[-1]
You take 1 damage, and now have 19/33 hp.
You feel sick.
You are no longer poisoned. 😮 HP[-1]
You take 1 damage, and now have 18/33 hp.
You bump into the rock wall. 😮 HP[+1]
You bump into the rock wall.
Unknown command.
You feel less confused. 😮 MP[+1]
The adder attacks as you move away! The adder barely misses you. 😮 HP[+1]
The adder attacks as you move away! The adder barely misses you.
The adder misses you.
Casting: Scorch (safe; 4% risk of failure)
Confirm with . or Enter, or press ? or * to list all spells.
Flames lash the adder.
The adder's fire resistance burns away.
The adder bites you.
You are poisoned.
The adder poisons you!
You feel sick.
The adder bites you but does no damage. 😨 HP[-5] MP[-1]
You take 5 damage, and now have 15/33 hp.
You lost 1 mp, and now have 3/10 mp.
Casting: Scorch (safe; 4% risk of failure)
Confirm with . or Enter, or press ? or * to list all spells.
Flames lash the adder.
The adder is burned terribly!
You kill the adder!
You feel sick.
You feel sick. 😨 HP[-2] MP[-2]
You take 2 damage, and now have 13/33 hp.
You lost 2 mp, and now have 1/10 mp.
The gnoll attacks as you move away! The gnoll hits you with a +0 flail.
* * * LOW HITPOINT WARNING * * *
You feel sick. 😱 HP[-5]
You take 5 damage, and now have 8/33 hp.
You feel sick.
You are no longer poisoned. 😱 HP[-1]
You take 1 damage, and now have 7/33 hp.
It was a potion of resistance.
You feel protected.
The gnoll closely misses you. 😱 HP[+1] It was a potion of invisibility.
You fade into invisibility!
The gnoll misses you.
It was a potion of ambrosia.
You are confused.
You feel invigorated. The gnoll hits you with a +0 flail!
* * * LOW HITPOINT WARNING * * *
😱 HP[-3] MP[+5]
You take 3 damage, and now have 5/33 hp.
You regained 5 mp, and now have 6/10 mp.
The gnoll closely misses you. 😨 HP[+4] MP[+4]
You regained 4 hp, and now have 9/33 hp.
Your mp is fully restored (10).
The gnoll hits you with a +0 flail!
* * * LOW HITPOINT WARNING * * *
😱 HP[-4]
You take 4 damage, and now have 5/33 hp.
You feel less invigorated.
You feel less confused. The gnoll hits you with a +0 flail!
You die...

Skill      XL: |  1  2 |
---------------+-------+-----
Conjurations   | 1 2 |  2.7
Fire Magic     | 3 |  3.8
Spellcasting   | 2 |  2.4
Dodging        | |  1.7
Stealth        | |  1.7

Action                   |  1- 3 |  4- 6 || total
-------------------------+-------+-------++-------
 Cast: Foxfire           |    68 |    10 ||    78
       Scorch            |     5 |     6 ||    11
  Use: Scroll            |     4 |     1 ||     5
       Potion            |       |     3 ||     3
Armor: Robe              |     3 |     2 ||     5
Dodge: Dodged            |     5 |    19 ||    24

Levels and vault maps discovered:
D:1:      minmay_arrival_radiant_lines, layout_rooms
D:2:      layout_basic, hellmonk_ecumenical_altar_pennies_from_heaven,
          uniq_jessica, uniq_natasha
D:3:      layout_rooms, ebering_ghost_disaster_area, serial_glass,
          glass_columns_c, glass_columns_b, glass_columns_b, glass_columns_b,
          glass_columns_a, glass_columns_a, glass_columns_a, glass_columns_c,
          glass_columns_c, glass_columns_b, glass_columns_a, glass_columns_a,
          glass_columns_a, glass_columns_a, uniq_terence

Notes
Turn   | Place    | Note
-------+----------+-------------------------------------------
     0 | D:1      | kae the Demigod Fire Elementalist began the quest for the
                  | Orb.
     0 | D:1      | Reached XP level 1. HP: 14/14 MP: 5/5
     0 | D:1      | magus.rc [v1.11.3]
    29 | D:1      | Reached skill level 1 in Conjurations
   133 | D:1      | You pick up a book of Lightning and begin reading...
   133 | D:1      | You add the spells Static Discharge, Lightning Bolt and
                  | Maxwell's Capacitive Coupling to your library.
   185 | D:1      | You pick up a book of Flames and begin reading...
   309 | D:1      | Reached skill level 3 in Fire Magic
   309 | D:1      | Reached XP level 2. HP: 20/20 MP: 2/7
   317 | D:1      | Learned a level 2 spell: Scorch
   411 | D:1      | Reached skill level 2 in Spellcasting
   981 | D:2      | Noticed Jessica
   988 | D:2      | Killed Jessica
   989 | D:2      | Reached skill level 2 in Conjurations
   989 | D:2      | Reached XP level 3. HP: 26/26 MP: 4/8
   993 | D:2      | Learned a level 3 spell: Conjure Flame
  1201 | D:2      | You add the spells Blink, Manifold Assault and Storm Form
                  | to your library.
  1349 | D:2      | You pick up a book of Dreams and begin reading...
  1349 | D:2      | You add the spells Ensorcelled Hibernation, Spider Form and
                  | Anguish to your library.
  1516 | D:2      | Noticed Natasha
  1521 | D:2      | Killed Natasha
  1522 | D:2      | Reached XP level 4. HP: 30/33 MP: 4/10
  1814 | D:2      | Noticed Natasha
  1823 | D:2      | Killed Natasha
  1837 | D:3      | Found a large runed translucent door.
  1859 | D:2      | HP: 8/33 [poisoned by an adder]
  1865 | D:2      | HP: 5/33 [gnoll/+0 flail (9)]
  1866 | D:2      | Slain by a gnoll

Vanquished Creatures
  Jessica (D:2)
  Natasha (twice) (D:2)
  An adder (D:2)
  3 dart slugs
  A bat (D:2)
  4 endoplasms (D:1)
  A giant cockroach (D:1)
  5 goblins
  5 hobgoblins
  2 quokkas (D:2)
  3 ball pythons (D:1)
  2 frilled lizards (D:1)
  2 kobolds
  7 rats
39 creatures vanquished.

Vanquished Creatures (others)
  133 foxfires
133 creatures vanquished.

Grand Total: 172 creatures vanquished

Table legend:
 A = Non-vault XP
 B = Vault XP
 C = Vault XP percentage of total XP
 D = Non-vault monster count
 E = Vault monster count
 F = Vault count percentage of total count
                 A         B        C        D         E       F
            +---------+---------+-------+---------+---------+-------
      Total |     111 |      72 |  39.3 |      37 |       2 |   5.1
            +---------+---------+-------+---------+---------+-------
        D:1 |      37 |       0 |   0.0 |      22 |       0 |   0.0
        D:2 |      74 |      72 |  49.3 |      15 |       2 |  11.8
            +---------+---------+-------+---------+---------+-------

Illustrated notes

Table legend:
 A = Kills in this place as a percentage of kills in entire the game.
 B = Kills by you in this place as a percentage of kills by you in the entire game.
 C = Kills by friends in this place as a percentage of kills by friends in the entire game.
 D = Other kills in this place as a percentage of other kills in the entire game.
 E = Experience gained in this place as a percentage of experience gained in the entire game.
 F = Experience gained in this place divided by the number of levels of this place that you have seen.
                   A       B       C       D       E      F
               +-------+-------+-------+-------+-------+----------------------
         Total | 100.0 | 100.0 |   N/A |   N/A | 100.0 |  61.0
       Dungeon | 100.0 | 100.0 |   N/A |   N/A | 100.0 |  61.0
               +-------+-------+-------+-------+-------+----------------------

Table legend: (Time is in decaauts)
 A = Elapsed time spent in this place.
 B = Non-inter-level travel time spent in this place.
 C = Inter-level travel time spent in this place.
 D = Time resting spent in this place.
 E = Time spent auto-exploring this place.
 F = Levels seen in this place.
 G = Mean time per level.
                   A        B        C        D        E       F      G
               +--------+--------+--------+--------+--------+-----+--------+
         Total |   1867 |   1845 |     22 |     16 |   1515 |   3 |  622.3 |
       Dungeon |   1867 |   1845 |     22 |     16 |   1515 |   3 |  622.3 |
               +--------+--------+--------+--------+--------+-----+--------+

Top non-repeatable levels by time:
     D:2: 1042 daAuts
     D:1: 823 daAuts
     D:3: 1 daAuts
